 Dungeon Crawl Stone Soup version 0.30.1-11-g7821555f0a (webtiles) character file.

Game seed: 9080171027048029837

59015 Jerry the Basher (level 14, -10/140 HPs)
             Began as a Troll Gladiator on Dec 6, 2023.
             Was the Champion of Qazlal.
             Mangled by Rupert
             ... wielding a +1 executioner's axe of flaming
              (16 damage)
             ... on level 5 of the Lair of Beasts.
             The game lasted 01:11:25 (14693 turns).

Jerry the Basher (Troll Gladiator)                 Turns: 14693, Time: 01:11:26

Health: -10/140    AC: 19    Str: 24    XL:     14   Next: 51%
Magic:  20/20      EV: 14    Int:  7    God:    Qazlal [******]
Gold:   464        SH:  8    Dex: 15    Spells: 13/13 levels left

rFire   + + .        B - +8 flail "Pudgho" {heavy, rPois Dex+3}
rCold   . . .        (no shield)
rNeg    + . .        H - +0 storm dragon scales
rPois   +            p - +1 hat {Will+}
rElec   +            t - +2 ratskin cloak {*Rats rPois rN+ Str-1 Int-1 Dex+1}
rCorr   .            (gloves unavailable)
SInv    .            (boots unavailable)
Will    ++...        (no amulet) Stlth
                     A - ring of protection from fire
HPRegen 1.23/turn    g - +5 ring of evasion
MPRegen 0.17/turn

%: repel missiles
@: protected from fire
A: large, unfitting armour, claws 3, regeneration 1, shaggy fur 1, tough skin 1
a: Renounce Religion, Upheaval, Elemental Force, Disaster Area


You were on level 5 of the Lair of Beasts.
You worshipped Qazlal.
Qazlal was exalted by your worship.
You visited 2 branches of the dungeon, and saw 17 of its levels.
You also visited: Ice Cave.

You collected 1076 gold pieces.
You spent 612 gold pieces at shops.

Inventory:

Hand Weapons
 v - a +0 heavy giant spiked club
 B - the +8 flail "Pudgho" (weapon) {heavy, rPois Dex+3}
   (You found it on level 7 of the Dungeon)

   Dex:       It affects your dexterity (+3).
   rPois:     It protects you from poison.
 I - a +3 flail
Missiles
 e - 8 large rocks (quivered)
 n - a boomerang of dispersal
Armour
 p - a +1 hat of willpower (worn)
 t - the +2 ratskin cloak (worn) {*Rats rPois rN+ Str-1 Int-1 Dex+1}
   (You found it on level 2 of the Dungeon)

   *Rats:     When the wearer is hurt, rats may emerge from it to assist them.
   Str:       It affects your strength (-1).
   Int:       It affects your intelligence (-1).
   Dex:       It affects your dexterity (+1).
   rPois:     It protects you from poison.
   rN:        It protects you from negative energy.
 H - +0 storm dragon scales (worn)
 N - +0 ice dragon scales
Jewellery
 c - a ring of protection from cold
 g - a +5 ring of evasion (right claw)
 h - a ring of flight
 A - a ring of protection from fire (left claw)
 C - a ring of positive energy
Wands
 f - a wand of mindburst (28)
 j - a wand of flame (7)
 k - a wand of paralysis (16)
 y - a wand of roots (7)
 D - a wand of acid (5)
 G - a wand of digging (4)
Scrolls
 a - 6 scrolls of teleportation
 b - a scroll of vulnerability
 d - a scroll of amnesia
 o - 3 scrolls of enchant weapon
 r - a scroll of blinking
 x - a scroll of fear
 E - 2 scrolls of magic mapping
 F - 2 scrolls of fog
Potions
 i - 9 potions of curing
 l - 3 potions of heal wounds
 m - 3 potions of haste
 q - 2 potions of berserk rage
 s - a potion of flight
 u - 2 potions of might
 w - a potion of brilliance
 z - a potion of lignification
 J - a potion of invisibility
 M - 2 potions of attraction {unknown}
 O - a potion of ambrosia


   Skills:
 + Level 9.6 Fighting
 + Level 13.3 Maces & Flails
 + Level 9.8 Throwing
 + Level 7.2 Armour
 - Level 6.3 Dodging
 + Level 10.1 Invocations


You had 13 spell levels left.
You didn't know any spells.
Your spell library contained the following spells:

 Spells                   Type           Power      Damage    Failure   Level
 Kiss of Death            Conj/Necr      0%         2d5       96%         1
 Necrotise                Necr           0%         1d4       96%         1
 Slow                     Hex            0%         N/A       96%         1
 Blink                    Tloc           0%         N/A       99%         2
 Lesser Beckoning         Tloc           0%         N/A       99%         2
 Scorch                   Fire           0%         2d5       99%         2
 Confusing Touch          Hex            0%         N/A       100%        3
 Dazzling Flash           Conj/Hex       0%         N/A       100%        3
 Gell's Gravitas          Tloc           0%         N/A       100%        3
 Hailstorm                Conj/Ice       0%         3d3       100%        3
 Portal Projectile        Hex/Tloc       0%         N/A       100%        3
 Teleport Other           Tloc           0%         N/A       100%        3
 Tukima's Dance           Hex            0%         N/A       100%        3
 Vampiric Draining        Necr           0%         2d6       100%        3
 Dispel Undead            Necr           0%         3d6       100%        4
 Flame Wave               Conj/Fire      0%         2d4       100%        4
 Ice Form                 Ice/Tmut       0%         N/A       100%        4
 Agony                    Necr           0%         N/A       100%        5
 Silence                  Hex/Air        0%         N/A       100%        5
 Simulacrum               Ice/Necr       0%         N/A       100%        6
 Summon Cactus Giant      Summ           0%         N/A       100%        6
 Malign Gateway           Summ/Tloc      0%         N/A       100%        7
 Summon Horrible Things   Summ           0%         N/A       100%        8


Dungeon Overview and Level Annotations

Branches:
Dungeon (12/15)            Temple (0/1) D:4            Lair (5/5) D:11
 Shoals (0/4) Lair:2        Snake (0/4) Lair:2        Slime (0/5) Lair:5
  IceCv (visited)
    Orc: D:9-12

Altars:
Gozag
Makhleb
Qazlal
Sif Muna
Wu Jian
The Shining One
Jiyva

Shops:
D:1 =   D:3 *   D:5 (   D:8 ((   D:11 =

Annotations:
Lair:5 1 runed translucent door, Rupert


Innate Abilities, Weirdness & Mutations

You are too large for most types of armour.
You have claws for hands.
Your natural rate of healing is unusually fast.
You are covered in fur. (AC +1)
You have tough skin. (AC +1)


Message History

You hear a shout!
Rupert the Wild comes into view.
He is wielding a +1 executioner's axe of flaming and wearing a +2 leather armour of cold resistance.
Rupert moves out of view.
Found a potion of heal wounds.
Rupert is engulfed in freezing vapours.
Rupert roars madly and goes into a rage!
Rupert goes berserk!
You bludgeon Rupert!!
Rupert is lightly wounded.
Rupert hits you with a +1 executioner's axe of flaming!!!
You feel protected from physical attacks.
Rupert burns you!
You are too injured to fight recklessly!
You thump Rupert!
Rupert is lightly wounded.
Rupert barely misses you.
Rupert hits you with a +1 executioner's axe of flaming!!
Rupert burns you.
You beat Rupert like a drum!!!
Rupert is heavily wounded.
Rupert hits you with a +1 executioner's axe of flaming!
Rupert burns you. Rupert hits you but does no damage.
Rupert is engulfed in blazing flames.
You barely miss Rupert.
Rupert is heavily wounded.
Rupert hits you with a +1 executioner's axe of flaming.
Your resistance to physical damage fades away.
You feel protected from fire. Rupert barely misses you.
You bludgeon Rupert!!
Rupert is severely wounded.
Rupert hits you with a +1 executioner's axe of flaming!!!
* * * LOW HITPOINT WARNING * * *
A river rat scurries out from under your cloak.
Rupert hits you with a +1 executioner's axe of flaming.
* * * LOW HITPOINT WARNING * * *
Rupert attacks as you move away! Rupert barely misses you.
Rupert attacks as you move away!
Rupert hits you with a +1 executioner's axe of flaming!
You die...

.#.#######P...P.#....#...........
.####.#P#.....P##..####.....P.#
.##...........###..# #.....#.#
.P......##.....##.†## ##.....#
.........#..........# #....P#
..##......#####P....# ##....##
.###.....##...#§....# #.†.††P##
.#.#..#####>.J+°○PP.###....†.P#
..#.#### #..J#r@##..##....†..#
...##..########@########......P..
...............##.##.###.........
..........)......................
.................................
.............................^...
.................................
.......................
.......................


You could see Rupert (berserk, ally target), 2 acid blobs and a friendly river
rat.

Vanquished Creatures
  A reaper (IceCv)
  Josephine (Lair:5)
  4 hydras
  2 boulder beetles
  A catoblepas (Lair:5)
  3 two-headed ogres
  11 death yaks
  2 skysharks (Lair:3)
  A salamander (Lair:2)
  2 cyclopes (D:11)
  10 elephants
  2 ice statues (IceCv)
  A merfolk siren (Lair:2)
  3 black mambas
  A torpor snail (Lair:1)
  11 cane toads
  5 rime drakes
  2 unseen horrors (D:10)
  10 komodo dragons
  Psyche (D:11)
  2 anaconda simulacra (IceCv)
  A freezing wraith (IceCv)
  6 ice devils (IceCv)
  A merfolk (Lair:2)
  A troll (D:11)
  A hornet (D:8)
  Prince Ribbit (D:7)
  Grinder (D:4)
  A polar bear (Lair:3)
  8 blink frogs
  4 dream sheep (Lair:1)
  4 wyverns
  A vampire (D:11)
  A dire elephant simulacrum (IceCv)
  Sigmund (D:2)
  6 wraiths
  2 shadows
  26 yaks
  Eustachio (D:4)
  6 vampire mosquitoes
  2 steam dragons
  2 basilisks
  Menkaure (D:6)
  An acid dragon (D:10)
  8 water moccasins
  An ice beast (D:7)
  A sky beast (D:7)
  2 orc warriors
  4 black bears
  3 ogres
  9 centaurs
  13 wolves
  Blork the orc (D:4)
  A kobold brigand (D:7)
  4 bullfrogs
  2 cane toad simulacra (IceCv)
  A gnoll sergeant (D:6)
  13 wights
  13 killer bees
  An elephant simulacrum (IceCv)
  3 electric eels
  5 howler monkeys
  4 hounds
  4 lava snakes (Lair:2)
  4 jellies (D:6)
  6 orc priests
  2 iguanas (D:5)
  A sleepcap (D:6)
  Ijyb (D:4)
  7 hell rats
  A troll simulacrum (IceCv)
  4 orc wizards
  2 spriggan simulacra (IceCv)
  2 wolf simulacra (IceCv)
  7 adders
  13 gnolls
  4 naga simulacra (IceCv)
  A shadow imp (D:7)
  3 white imps
  4 ufetubi
  3 dart slugs
  30 orcs
  7 endoplasms
  3 giant cockroaches
  7 goblins
  7 hobgoblins
  5 jackals
  2 quokkas
  6 ball pythons
  6 bats
  2 frilled lizards (D:2)
  10 kobolds
  5 rats
403 creatures vanquished.

Vanquished Creatures (collateral kills)
  An elephant (D:11)
  A cane toad (Lair:5)
  A komodo dragon (Lair:2)
  A shadow (D:9)
  A basilisk (Lair:3)
  Edmund (D:3)
  Duvessa (D:4)
  A scorpion (D:4)
  A wight (D:9)
  Dowan (D:4)
  4 orc priests
  5 orcs
  An endoplasm (D:4)
20 creatures vanquished.

Grand Total: 423 creatures vanquished

Notes
Turn   | Place    | Note
-------+----------+-------------------------------------------
     0 | D:1      | Jerry the Troll Gladiator began the quest for the Orb.
     0 | D:1      | Reached XP level 1. HP: 19/19 MP: 0/0
   162 | D:1      | Reached XP level 2. HP: 28/28 MP: 1/1
   220 | D:1      | Found Perghuifo's Jewellery Shoppe.
   357 | D:1      | Reached skill level 3 in Maces & Flails
   365 | D:1      | Reached XP level 3. HP: 26/35 MP: 2/2
   552 | D:1      | Found a faded altar of an unknown god.
   722 | D:1      | Prayed at the altar of an unknown god.
   722 | D:1      | Became a worshipper of Qazlal Stormbringer
   722 | D:1      | Reached * piety under Qazlal
   893 | D:2      | Noticed Sigmund
   910 | D:2      | Killed Sigmund
   911 | D:2      | Reached skill level 1 in Invocations
   911 | D:2      | Reached XP level 4. HP: 32/44 MP: 2/4
   911 | D:2      | Reached XP level 5. HP: 37/50 MP: 2/5
  1024 | D:2      | Found a shimmering blue altar of Sif Muna.
  1186 | D:2      | Found the +2 ratskin cloak {*Rats rPois rN+ Str-1 Int-1
                  | Dex+1}
  1833 | D:3      | Reached ** piety under Qazlal
  1834 | D:3      | Reached XP level 6. HP: 59/59 MP: 6/6
  2077 | D:3      | Found Vosmypra's General Store.
  2195 | D:4      | Noticed Eustachio
  2196 | D:4      | Noticed Ijyb
  2249 | D:4      | Noticed Blork the orc
  2268 | D:4      | Killed Blork the orc
  2314 | D:4      | Reached skill level 4 in Maces & Flails
  2318 | D:4      | Reached XP level 7. HP: 40/67 MP: 7/7
  2378 | D:4      | Noticed Edmund
  2420 | D:3      | Killed Edmund
  2535 | D:4      | Killed Ijyb
  2560 | D:4      | Noticed Grinder
  2562 | D:4      | Noticed Dowan
  2583 | D:4      | Noticed Duvessa
  2591 | D:4      | Killed Dowan
  2592 | D:4      | Killed Duvessa
  2599 | D:4      | Killed Grinder
  2600 | D:4      | Reached XP level 8. HP: 74/78 MP: 9/9
  2761 | D:4      | Found a staircase to the Ecumenical Temple.
  2763 | D:4      | Killed Eustachio
  2764 | D:4      | Reached skill level 5 in Maces & Flails
  2831 | D:5      | Entered Level 5 of the Dungeon
  2874 | D:5      | Found Vimi Ded's Weapon Emporium.
  2900 | D:5      | Reached *** piety under Qazlal
  3411 | D:5      | Found an opulent altar of Gozag.
  4232 | D:6      | Reached skill level 5 in Throwing
  4240 | D:6      | Reached skill level 5 in Dodging
  4240 | D:6      | Reached XP level 9. HP: 41/85 MP: 11/11
  4406 | D:6      | Identified the +6 plate armour of Wasted Space {Rampage
                  | Dex-3 Slay+3 Stlth+}
  4446 | D:6      | Reached skill level 5 in Fighting
  4579 | D:6      | Reached skill level 6 in Maces & Flails
  4816 | D:6      | Reached skill level 5 in Invocations
  4873 | D:6      | Noticed Menkaure
  4879 | D:6      | Killed Menkaure
  5425 | D:7      | Found a burning altar of Makhleb.
  5737 | D:7      | Identified the +8 flail "Pudgho" {heavy, rPois Dex+3}
  5832 | D:7      | Found an ornate altar of the Wu Jian Council.
  5832 | D:7      | Noticed Prince Ribbit
  5851 | D:7      | Killed Prince Ribbit
  5970 | D:7      | Found a glowing golden altar of the Shining One.
  6177 | D:8      | Reached XP level 10. HP: 97/97 MP: 13/13
  6290 | D:8      | Reached **** piety under Qazlal
  7067 | D:8      | Found Nugon's Weapon Boutique.
  7112 | D:8      | Found Gufaug's Weapon Boutique.
  7352 | D:9      | Got the Treatise on Geometric Spellbinding
  7410 | D:9      | Reached skill level 7 in Maces & Flails
  7821 | D:10     | Entered Level 10 of the Dungeon
  7827 | D:10     | Noticed a two-headed ogre
  7834 | D:9      | Reached skill level 1 in Armour
  7868 | D:10     | Noticed a two-headed ogre
  7881 | D:9      | Killed a two-headed ogre
  7980 | D:10     | Killed a two-headed ogre
  7981 | D:10     | Reached XP level 11. HP: 78/107 MP: 15/15
  8248 | D:10     | Reached ***** piety under Qazlal
  8458 | D:10     | Reached skill level 11 in Maces & Flails
  8458 | D:10     | Reached XP level 12. HP: 115/115 MP: 16/16
  8496 | D:11     | Found Qapic's Jewellery Emporium.
  8514 | D:11     | Bought a +5 ring of evasion for 612 gold pieces
  8617 | D:11     | Noticed a five-headed hydra
  8623 | D:11     | Killed a five-headed hydra
  8667 | D:11     | Noticed a boulder beetle
  8680 | D:11     | Killed a boulder beetle
  8874 | D:11     | Found a burning altar of Makhleb.
  8876 | D:11     | Noticed a balrug
  8902 | D:11     | Noticed a two-headed ogre
  8910 | D:11     | Killed a two-headed ogre
  9201 | D:11     | Found a staircase to the Lair.
  9224 | D:11     | Noticed Psyche
  9239 | D:11     | Killed Psyche
  9641 | Lair:1   | Entered Level 1 of the Lair of Beasts
  9876 | Lair:1   | Found a frozen archway.
  9884 | IceCv    | Entered an ice cave
  9895 | IceCv    | Reached skill level 12 in Maces & Flails
 10025 | IceCv    | Reached XP level 13. HP: 59/127 MP: 18/18
 10171 | IceCv    | Reached skill level 5 in Armour
 10239 | IceCv    | Noticed a reaper
 10255 | IceCv    | Killed a reaper
 10923 | Lair:1   | You fall into a shaft and drop 1 floor!
 11405 | Lair:2   | Found a staircase to the Shoals.
 11539 | Lair:2   | Found a staircase to the Snake Pit.
 12355 | Lair:3   | Reached ****** piety under Qazlal
 13028 | Lair:3   | Identified the +1 leather armour "Wymemoagg" {Drain rF+
                  | rCorr}
 13483 | Lair:3   | Reached XP level 14. HP: 90/140 MP: 20/20
 13670 | Lair:3   | Reached skill level 13 in Maces & Flails
 14252 | Lair:5   | Entered Level 5 of the Lair of Beasts
 14349 | Lair:5   | Noticed Josephine
 14377 | Lair:5   | Killed Josephine
 14378 | Lair:5   | Reached skill level 10 in Invocations
 14598 | Lair:5   | Found a runed translucent door.
 14599 | Lair:5   | Found a viscous altar of Jiyva.
 14600 | Lair:5   | Noticed an acid blob
 14600 | Lair:5   | Noticed an acid blob
 14601 | Lair:5   | Found a staircase to the Slime Pits.
 14678 | Lair:5   | Noticed Rupert
 14691 | Lair:5   | HP: 7/140 [Rupert/+1 executioner's axe of flaming (42)]
 14693 | Lair:5   | Mangled by Rupert

Illustrated notes

Levels and vault maps discovered:
D:1:      heliophobic_arrival_henge, layout_basic,
          hellmonk_ecumenical_altar_dog_temple, serial_shops,
          nicolae_shop_gaudy_bauble, minmay_hexomino_u4
D:2:      layout_rooms, basic_altar, uniq_sigmund
D:3:      layout_basic, serial_shops, nicolae_shop_back_alley_shop
D:4:      cheibrodos_quashed, layout_cave_pools, minmay_temple_entry_arrows,
          kennysheep_path_1, uniq_blork_the_orc, uniq_duvessa, uniq_edmund,
          uniq_grinder, uniq_eustachio, uniq_ijyb
D:5:      layout_basic, nicolae_gozag_seed_capital, nicolae_inconvenience_store
D:6:      layout_basic, serial_bayou_lagoon_b, uniq_menkaure
D:7:      layout_loops_ring, nicolae_wu_jian_glorious_leap, kennysheep_mini,
          mainiacjoe_overflow_surrounded_room, uniq_prince_ribbit1
D:8:      layout_layer_cave, serial_shops, nicolae_shop_tiny_statue_garden,
          shop, hex_medium, minivault_27
D:9:      layout_basic
D:10:     layout_rooms, st_stairs_4
D:11:     layout_layer_cave, david_lair_generic, serial_shops, shop,
          makhleb_altar_promises_db, uniq_psyche
D:12:     layout_basic, erik_orc_4
Lair:1:   layout_layer_cave, portal_ice_cave_entry_pillars_2
Lair:2:   layout_roguey, elwin_shoals_entry_rooms,
          nicolae_snake_entry_warm_welcome, serial_bayou_shore_b,
          lemuel_fruit_fields, lemuel_fruit_tree
Lair:3:   layout_roguey, serial_bayou_shore_a, grunt_megastairs_4,
          serial_bayou_shore_b
Lair:4:   layout_hall_layers
Lair:5:   evilmike_catoblepas_cave, layout_regular_city, slime_entry_2,
          gammafunk_ghost_icy, nicolae_lair_time_for_slime, uniq_rupert,
          uniq_josephine

Skill      XL: |  1  2  3  4  5  6  7  8  9 10 11 12 13 14 |
---------------+-------------------------------------------+-----
Throwing       | 2 3 4 5 6 7 9 |  9.8
Fighting       | 2 3 4 5 6 7 9 |  9.6
Maces & Flails | 3 4 5 6 7 11 12 13 | 13.3
Dodging        | 3 4 5 6 |  6.3
Invocations    | 1 2 3 4 5 6 7 8 9 10 | 10.1
Armour         | 2 4 6 7 |  7.2

Action                     |  1- 3 |  4- 6 |  7- 9 | 10-12 | 13-15 || total
---------------------------+-------+-------+-------+-------+-------++-------
  Melee: Flail             |    59 |       |    26 |   303 |   392 ||   780
         Whip              |    99 |   140 |    31 |       |       ||   270
         Punch             |       |     2 |     6 |     5 |     7 ||    20
         Mace              |       |       |   295 |       |       ||   295
  Throw: Throwing net      |     2 |       |     2 |       |       ||     4
         Large rock        |       |       |       |    10 |     5 ||    15
    Use: Scroll            |       |     7 |     1 |    13 |     6 ||    27
         Potion            |       |       |     1 |     1 |     2 ||     4
   Stab: Distracted        |       |       |     1 |     1 |       ||     2
         Held in net/web   |       |       |     1 |       |       ||     1
 Armour: Robe              |    71 |    57 |   143 |    26 |       ||   297
         Storm dragon scal |       |       |       |   154 |   250 ||   404
  Dodge: Dodged            |   125 |    70 |   193 |   227 |   308 ||   923
         Repelled          |       |       |       |     1 |     5 ||     6
  Block: Other             |     2 |    19 |    65 |   131 |   210 ||   427
